 Dungeon Crawl Stone Soup version 0.24.1 (console) character file.

Game seed: 8233988424135012778, levelgen mode: deterministic

2410 OTRawrior the Basher (level 9, -1/73 HPs)
             Began as a Minotaur Berserker on Mar 29, 2020.
             Was a High Priest of Trog.
             Slain by a cyclops (27 damage)
             ... on level 7 of the Dungeon.
             The game lasted 00:12:13 (4990 turns).

OTRawrior the Basher (Minotaur Berserker)           Turns: 4990, Time: 00:12:14

Health: -1/73      AC: 14    Str: 23    XL:     9   Next: 23%
Magic:  0/8        EV:  9    Int:  4    God:    Trog [*****.]
Gold:   370        SH:  0    Dex: 12    Spells: 8/8 levels left

rFire    . . .     SeeInvis .   p - +0 whip (freeze)
rCold    . . .     Gourm    .   (no shield)
rNeg     . . .     Faith    +   l - +0 chain mail
rPois    .         Spirit   +   (helmet restricted)
rElec    .         Reflect  .   F - scarf {Spirit}
rCorr    .         Harm     .   (no gloves)
MR       .....                  (no boots)
Stlth    ..........             y - amulet of faith
HPRegen  0.22/turn              z - +5 ring of protection
MPRegen  0.11/turn              (no ring)

@: berserk cooldown, slowed, very slow
A: retaliatory headbutt, horns 2
a: Berserk, Trog's Hand, Brothers in Arms, Renounce Religion


You were on level 7 of the Dungeon.
You worshipped Trog.
Trog was extremely pleased with you.
You were hungry.

You visited 1 branch of the dungeon, and saw 7 of its levels.
You also visited: Sewer.

You collected 370 gold pieces.

Inventory:

Hand Weapons
 a - a +0 mace
 p - a +0 whip of freezing (weapon)
Armour
 b - a +0 animal skin
 l - a +0 chain mail (worn)
 C - a +2 cloak
 F - a scarf of spirit shield (worn)
Jewellery
 y - an amulet of faith (around neck)
 z - a +5 ring of protection (left hand)
Wands
 A - a wand of scattershot (5)
Scrolls
 f - 7 scrolls of remove curse
 g - 2 scrolls of magic mapping {unknown}
 h - 5 scrolls of fog
 i - 3 scrolls of identify
 o - a scroll of fear {unknown}
 q - 2 scrolls of random uselessness {unknown}
 r - 2 scrolls of blinking {unknown}
 s - 2 scrolls of enchant weapon {unknown}
 w - a scroll of noise {unknown}
 E - a scroll of teleportation {unknown}
Potions
 d - 3 potions of lignification {unknown}
 e - a potion of curing {unknown}
 j - a potion of degeneration {unknown}
 k - a potion of agility {unknown}
 m - a potion of brilliance {unknown}
 n - 2 potions of cancellation {unknown}
 t - 3 potions of flight {unknown}
 u - a potion of invisibility {unknown}
 v - 4 potions of heal wounds {unknown}
 x - 4 potions of resistance {unknown}
 D - a potion of haste {unknown}
Comestibles
 c - 10 rations


   Skills:
 - Level 4.8 Fighting
 + Level 14.0 Maces & Flails
 - Level 3.0 Armour
 - Level 2.9 Dodging


You had 8 spell levels left.
You didn't know any spells.
Your spell library was empty.

Dungeon Overview and Level Annotations

Branches:
Dungeon (7/15)             Temple (0/1) D:6           Sewer (visited)

Altars:
Ashenzari
Cheibriados
Dithmenos
Fedhas
Hepliaklqana
Kikubaaqudgha
Okawaru
Trog
Vehumet
Wu Jian


Innate Abilities, Weirdness & Mutations

You reflexively headbutt those who attack you in melee.
You have a pair of horns on your head.


Message History

The eye of draining is moderately wounded.
You hit the eye of draining. You freeze the eye of draining.
You headbutt the eye of draining!
The eye of draining is severely wounded.
The eye of draining gazes at you.
You whack the eye of draining! You freeze the eye of draining.
You kill the eye of draining!
Trog accepts your kill.
Your Maces & Flails skill increases to level 14!
You feel a strong urge to attack something.
The cyclops throws a large rock.
The large rock hits you!!
You feel your anger nearly subside.
You are no longer berserk.
You are exhausted.
You feel yourself slow down.
You hit the cyclops but do no damage. You whack the cyclops!
You freeze the cyclops.
You headbutt the cyclops, but do no damage.
The cyclops is moderately wounded.
The cyclops hits you!!
You die...

####.# ...#.#####
#.......#
#.......#
#.......#
#.......# ##
#.......# ..#
#.<.....###...#..
#.$...(.(@C......
#.......#########
............
...#.........#
....#.........#
....#####.....#
..... #######


You could see a cyclops.

Vanquished Creatures
  Pikel (D:5)
  An orc warrior (D:6)
  A slave (D:5)
  An eye of draining (D:7)
  A necrophage (D:6)
  2 sky beasts (D:6)
  A centaur (D:3)
  3 ogres
  2 bullfrogs (Sewer)
  2 scorpions
  2 vampire bats (D:3)
  A howler monkey (D:4)
  A crimson imp (D:5)
  2 hounds
  An orc priest (D:6)
  2 bullfrog skeletons (D:5)
  2 orc wizards
  An iguana (D:5)
  6 worker ants
  A hound zombie (D:5)
  A hound skeleton (D:5)
  A worker ant zombie (D:7)
  4 gnolls (D:5)
  2 howler monkey skeletons
  10 adders
  A shadow imp (D:5)
  11 oozes
  3 worms
  A dart slug (D:4)
  21 leopard geckos
  10 orcs
  9 ball pythons
  5 bats
  A bat skeleton (D:3)
  4 bat zombies (D:3)
  14 giant cockroaches
  4 goblins (D:3)
  7 hobgoblins
  11 jackals
  5 kobolds
  2 quokkas (D:3)
  7 frilled lizards
  7 rats
175 creatures vanquished.

Vanquished Creatures (others)
  A centaur (D:5)
  An orc wizard (D:5)
2 creatures vanquished.

Grand Total: 177 creatures vanquished

Notes
Turn   | Place    | Note
-------+----------+-------------------------------------------
     0 | D:1      | OTRawrior the Minotaur Berserker began the quest for the
                  | Orb.
     0 | D:1      | Reached XP level 1. HP: 19/19 MP: 0/0
   396 | D:1      | Reached XP level 2. HP: 23/27 MP: 1/1
   867 | D:1      | Reached skill level 4 in Maces & Flails
  1005 | D:2      | Found an iron altar of Okawaru.
  1155 | D:2      | You fall into a shaft and drop 1 floor!
  1156 | D:3      | Noticed a centaur
  1156 | D:3      | Reached XP level 3. HP: 33/33 MP: 2/2
  1167 | D:3      | Killed a centaur
  1167 | D:3      | Reached XP level 4. HP: 41/41 MP: 3/3
  1212 | D:3      | Reached skill level 5 in Maces & Flails
  1432 | D:3      | Reached ** piety under Trog
  1477 | D:3      | Reached XP level 5. HP: 47/47 MP: 4/4
  1497 | D:3      | Reached skill level 6 in Maces & Flails
  1803 | D:3      | Found an ancient bone altar of Kikubaaqudgha.
  1813 | D:3      | Reached skill level 7 in Maces & Flails
  1813 | D:3      | Reached XP level 6. HP: 55/55 MP: 5/5
  1874 | D:2      | Found a hazy altar of Hepliaklqana.
  2193 | D:2      | Found a shattered altar of Ashenzari.
  2390 | D:2      | Found a bloodstained altar of Trog.
  2390 | D:2      | Found a radiant altar of Vehumet.
  2412 | D:4      | Found a snail-covered altar of Cheibriados.
  2478 | D:4      | Reached *** piety under Trog
  2478 | D:4      | Reached skill level 8 in Maces & Flails
  2678 | D:4      | Found a glowing drain.
  2687 | Sewer    | Entered a sewer
  2772 | Sewer    | Reached XP level 7. HP: 51/60 MP: 6/6
  3086 | Sewer    | Reached skill level 9 in Maces & Flails
  3132 | Sewer    | Reached **** piety under Trog
  3483 | D:4      | Found an ornate altar of the Wu Jian Council.
  3761 | D:5      | Entered Level 5 of the Dungeon
  3770 | D:5      | Reached skill level 10 in Maces & Flails
  4099 | D:5      | Noticed Pikel
  4118 | D:5      | Killed Pikel
  4118 | D:5      | Reached skill level 11 in Maces & Flails
  4118 | D:5      | Reached XP level 8. HP: 67/67 MP: 7/7
  4124 | D:5      | Reached skill level 12 in Maces & Flails
  4303 | D:5      | Found a shadowy altar of Dithmenos.
  4574 | D:6      | Reached skill level 13 in Maces & Flails
  4580 | D:5      | Reached ***** piety under Trog
  4644 | D:6      | Reached XP level 9. HP: 73/73 MP: 8/8
  4726 | D:6      | Found a blossoming altar of Fedhas.
  4960 | D:6      | Found a staircase to the Ecumenical Temple.
  4979 | D:7      | Noticed a cyclops
  4984 | D:7      | Reached skill level 14 in Maces & Flails
  4990 | D:7      | Slain by a cyclops

Levels and vault maps discovered:
D:1:      nzn_arrival_settlement, layout_basic, minmay_misc_feat_chi
D:2:      layout_basic, marbit_many_paths, gammafunk_temple_overflow_elements,
          old_standard_altar, okawaru_metal_pillars_1_2
D:3:      layout_loops_ring, kennysheep_vampire_church
D:4:      layout_loops_ring, lemuel_crystal_altar, kennysheep_slug_shrine,
          cheibrodos_sewer_entry_bend
D:5:      layout_cave_pools, nicolae_overflow_hidden_temple, first_ration,
          uniq_pikel
D:6:      layout_rooms, lemuel_doored_altar, minmay_temple_entry_wispy
D:7:      layout_basic, grunt_temple_overflow_order_and_chaos_2,
          serial_bayou_lake_a

Skill      XL: |  1  2  3  4  5  6  7  8  9 |
---------------+----------------------------+-----
Fighting       | 4 |  4.8
Maces & Flails | 4 5 7 8 11 13 14 | 14.0
Armour         | 3 |  3.0
Dodging        | |  2.9

Action                   |  1- 3 |  4- 6 |  7- 9 || total
-------------------------+-------+-------+-------++-------
Melee: Mace              |    47 |   149 |   137 ||   333
       Headbutt          |     9 |    28 |    55 ||    92
       Whip              |       |       |    89 ||    89
Invok: Berserk           |       |     1 |     7 ||     8
  Use: Scroll            |       |       |     4 ||     4
  Eat: Chunk             |     1 |     6 |    13 ||    20
Armor: Animal skin       |     9 |       |       ||     9
       Chain mail        |    12 |    93 |   107 ||   212
Dodge: Dodged            |    36 |    68 |   113 ||   217
